 Dungeon Crawl Stone Soup version 0.26-a0-1139-g7d2dc893a1 (webtiles) character file.

Game seed: 11410643666827141989

239 sahdkjhfkaj the Skirmisher (level 6, -2/40 HPs)
             Began as a Gargoyle Abyssal Knight on Dec 21, 2020.
             Was a Believer of Lugonu.
             Slain by an ogre
             ... wielding a +0 giant club
              (11 damage)
             ... on level 3 of the Dungeon.
             The game lasted 00:03:12 (2850 turns).

sahdkjhfkaj the Skirmisher (GrAK)                   Turns: 2850, Time: 00:03:12

Health: -2/40      AC: 17    Str: 18    XL:     6   Next: 7%
Magic:  7/7        EV:  6    Int: 18    God:    Lugonu [**....]
Gold:   221        SH:  0    Dex: 15    Spells: 5/5 levels left

rFire    . . .     SeeInvis .   a - +1 spear
rCold    . . .     Faith    .   (no shield)
rNeg     + . .     Spirit   .   c - +0 plate armour
rPois    ∞         Reflect  .   (no helmet)
rElec    +         Harm     .   (no cloak)
rCorr    .         Rampage  .   o - +0 pair of gloves
Will     .....                  (no boots)
Stlth    ..........             (no amulet)
HPRegen  0.13/turn              u - +6 ring of dexterity
MPRegen  0.10/turn              l - +6 ring of intelligence

@: no status effects
A: negative energy resistance 1, electricity resistance, unbreathing,
petrification resistance, miasma immunity, AC +4
a: Renounce Religion, Depart the Abyss, Bend Space


You were on level 3 of the Dungeon.
You worshipped Lugonu.
Lugonu was pleased with you.
You visited 1 branch of the dungeon, and saw 4 of its levels.
You visited the Abyss 1 time.

You collected 221 gold pieces.

Inventory:

Hand Weapons
 a - a +1 spear (weapon)
Armour
 c - a +0 plate armour (worn)
 o - a +0 pair of gloves (worn)
Jewellery
 l - a +6 ring of intelligence (right hand)
 n - an uncursed ring of flight {unknown}
 u - a +6 ring of dexterity (left hand)
Scrolls
 b - a scroll of magic mapping {unknown}
 h - 2 scrolls of blinking {unknown}
 i - 5 scrolls of teleportation {unknown}
 m - 3 scrolls of identify {unknown}
 p - 3 scrolls of enchant armour {unknown}
 t - a scroll of remove curse {unknown}
Potions
 d - a potion of ambrosia {unknown}
 e - a potion of might {unknown}
 f - 2 potions of brilliance {unknown}
 g - 3 potions of curing
 j - a potion of degeneration {unknown}
 k - a potion of magic {unknown}
 q - a potion of haste {unknown}
 r - 2 potions of lignification {unknown}
 s - a potion of heal wounds {unknown}
 v - a potion of flight {unknown}


   Skills:
 - Level 5.0 Fighting
 + Level 1.0 Maces & Flails
 - Level 2.0 Polearms
 - Level 5.0 Armour
 - Level 0.7 Dodging
 + Level 2.6 Invocations


You had 5 spell levels left.
You didn't know any spells.
Your spell library was empty.

Dungeon Overview and Level Annotations

Branches:
Dungeon (4/15)
 Temple: D:4-7

Altars:
Makhleb
Trog
Wu Jian


Innate Abilities, Weirdness & Mutations

You are resistant to torment.
Your stone body is resilient. (AC +4)
You are immune to poison.
You resist negative energy. (rN+)
You are resistant to electric shocks. (rElec)
You can survive without breathing.
You are immune to petrification.
You are immune to miasma.


Message History

You hit the ogre but do no damage.
The ogre is severely wounded.
The worker ant barely misses you. The ogre hits you but does no damage.
You hit the ogre.
The ogre is severely wounded.
The worker ant barely misses you. The ogre hits you with a +0 giant club!
* * * LOW HITPOINT WARNING * * *
You barely miss the ogre.
The ogre is severely wounded.
The worker ant bites you but does no damage.
The worker ant barely misses you.
You hit the ogre.
The ogre is severely wounded.
The ogre barely misses you. The worker ant barely misses you.
You feel better. The ogre hits you with a +0 giant club.
* * * LOW HITPOINT WARNING * * *
You hit the ogre but do no damage.
The ogre is severely wounded.
The ogre hits you with a +0 giant club!
You die...

###.####.#######.# ######## ###
#..#..........##.###....... ..#
#.###....................## #.#
#..#.##..####..(#...#.##.## #.#
#.#.###..# #...###.###....# #.#
#.### #..# #....#...#.##..#
#.#####.#####.[# #.......#.###..#
#..............###........<.##..#
#######.######..@OB÷......#.##..#
#######.# #####.......(..##...
........##########>......#.####.#
#######.............##.###.####.#
# #................###.# #......#
# #.################ #.# ######.#
# #.# #.# #.# # #.# #.# #.# # #.#
#.# ######.#


You could see an ogre and a worker ant.

Vanquished Creatures
  2 orc wizards (D:3)
  8 adders
  3 gnolls (D:3)
  A worm (D:3)
  A dart slug (D:3)
  A leopard gecko (D:3)
  7 orcs (D:3)
  6 bats
  3 giant cockroaches
  6 goblins
  11 hobgoblins
  13 kobolds
  5 frilled lizards
  10 rats
77 creatures vanquished.

Notes
Turn   | Place    | Note
-------+----------+-------------------------------------------
     0 | Abyss:1  | sahdkjhfkaj the Gargoyle Abyssal Knight began the quest for
                  | the Orb.
     0 | Abyss:1  | Reached XP level 1. HP: 14/14 MP: 2/2
     0 | D:1      | Escaped the Abyss
   426 | D:1      | Reached XP level 2. HP: 19/19 MP: 3/3
  1150 | D:2      | Reached * piety under Lugonu
  1151 | D:2      | Reached XP level 3. HP: 22/24 MP: 4/4
  1350 | D:2      | Found a burning altar of Makhleb.
  1405 | D:2      | Found a bloodstained altar of Trog.
  1570 | D:2      | Reached XP level 4. HP: 29/29 MP: 5/5
  1669 | D:2      | Found an ornate altar of the Wu Jian Council.
  1764 | D:3      | Reached ** piety under Lugonu
  1858 | D:3      | Reached XP level 5. HP: 30/34 MP: 6/6
  2004 | D:3      | Reached skill level 5 in Fighting
  2163 | D:3      | Reached skill level 5 in Armour
  2190 | D:3      | Reached XP level 6. HP: 8/40 MP: 7/7
  2756 | D:3      | Reached skill level 1 in Maces & Flails
  2850 | D:3      | Slain by an ogre

Illustrated notes

Levels and vault maps discovered:
D:1:      minmay_arrival_four_loops, layout_basic, serial_aquarium,
          aquarium_bridge_long_separate [aquarium_subvault_balcony,
          aquarium_subvault_bridge, aquarium_subvault_wall,
          aquarium_subvault_wall, aquarium_subvault_bridge,
          aquarium_subvault_bridge], aquarium_bridge_square
          [aquarium_subvault_balcony, aquarium_subvault_balcony,
          aquarium_subvault_bridge, aquarium_subvault_window],
          aquarium_window_2, aquarium_window_2, aquarium_window_2,
          aquarium_view_2f, aquarium_view_2a, aquarium_balcony_3a,
          aquarium_pool_2, corexii_leaking_fountain
D:2:      layout_rooms, lemuel_coloured_pillars_altar, bloody_trog,
          old_standard_altar, dk_vineyard_1, grunt_decor_resistance,
          minmay_joined_circles
D:3:      layout_loops_ring, minmay_between
D:4:      layout_cave_pools, kennysheep_mini, minmay_temple_entry_slanted,
          chequers_serial_rivers_room_b, chequers_decorated_corner, uniq_sigmund

Skill      XL: |  1  2  3  4  5  6 |
---------------+-------------------+-----
Polearms       | 2 |  2.0
Armour         | 3 4 5 |  5.0
Fighting       | 4 5 |  5.0
Maces & Flails | 1 |  1.0
Dodging        | |  0.7
Invocations    | |  2.6

Action                   |  1- 3 |  4- 6 || total
-------------------------+-------+-------++-------
Melee: Spear             |   151 |   222 ||   373
Invok: Depart the Abyss  |     1 |       ||     1
  Use: Potion            |       |     1 ||     1
Armor: Plate armour      |   111 |   156 ||   267
Dodge: Dodged            |    33 |    53 ||    86

Table legend: (Time is in decaauts)
 A = Elapsed time spent in this place.
 B = Non-inter-level travel time spent in this place.
 C = Inter-level travel time spent in this place.
 D = Time resting spent in this place.
 E = Time spent auto-exploring this place.
 F = Levels seen in this place.
 G = Mean time per level.
                   A        B        C        D        E       F      G
               +--------+--------+--------+--------+--------+-----+--------+
         Total |   2848 |   2775 |     73 |      0 |   2158 |   5 |  569.6 |
       Dungeon |   2848 |   2775 |     73 |      0 |   2158 |   4 |  712.0 |
         Abyss |      0 |      0 |      0 |      0 |      0 |   1 |    0.0 |
               +--------+--------+--------+--------+--------+-----+--------+

Top non-repeatable levels by time:
     D:3: 1141 daAuts
     D:1: 1077 daAuts
     D:2: 623 daAuts
     D:4: 6 daAuts
